 Dungeon Crawl Stone Soup version 0.28.0-45-g0d030f2227 (webtiles) character file.

Game seed: 1186324395001142808

3476 Ablot the Magician (level 10, -4/114 (115) HPs)
             Began as a Gnoll Warper on Apr 3, 2022.
             Was a Priest of Okawaru.
             Slain by a wight
             ... wielding a +2 flail
              (7 damage)
             ... on level 9 of the Dungeon.
             The game lasted 00:20:05 (12592 turns).

Ablot the Magician (Gnoll Warper)                  Turns: 12592, Time: 00:20:05

HP:   -4/114 (115)  AC: 25    Str: 16    XL:     10   Next: 6%
MP:   20/20         EV:  2    Int: 16    God:    Okawaru [***...]
Gold: 326           SH:  0    Dex: 11    Spells: 18/23 levels left

rFire   + . .      SeeInvis .   a - +3 spear
rCold   x . .      Faith    .   (no shield)
rNeg    . . .      Spirit   .   (armour currently unavailable)
rPois   +          Reflect  .   (helmet currently unavailable)
rElec   .          Harm     .   (cloak currently unavailable)
rCorr   +          Rampage  .   (gloves currently unavailable)
Will    .....      NoTele   +   (boots currently unavailable)
Stlth   +++.......              N - amulet "Siynaxarph" {RegenMP Int+4}
HPRegen 0.29/turn               p - ring of fire
MPRegen 0.57/turn               A - ring of resist corrosion

@: brilliant, tree-form, lightly drained
A: stationary, stasis, torment immunity, boosted hp, (fangs 1), strong nose,
distributed training
a: Renounce Religion, Heroism


You were on level 9 of the Dungeon.
You worshipped Okawaru.
Okawaru was most pleased with you.
You were a tree.
You visited 2 branches of the dungeon, and saw 10 of its levels.

You collected 430 gold pieces.
You spent 104 gold pieces at shops.

Inventory:

Hand Weapons
 a - a +3 spear (weapon)
 J - a +1 vorpal glaive
Missiles
 d - 5 boomerangs of dispersal
 e - 275 stones
 f - 58 bolts
 l - 7 boomerangs
 n - 14 poisoned darts (quivered)
 r - 19 sling bullets
 C - 100 arrows
 G - 5 javelins
 R - a throwing net
Armour
 b - a +0 leather armour (melded)
 k - a +0 cloak (melded)
 o - a +0 pair of gloves (melded)
 x - the +0 kite shield of Agoraphobia {Contam Rampage rPois rCorr}
   (You found it on level 4 of the Dungeon)

   rPois:     It protects you from poison.
   Contam:    It causes magical contamination when unequipped.
   rCorr:     It protects you from acid and corrosion.
   Rampage:   It bestows one free step when moving towards enemies.
 z - a +2 helmet (melded)
Jewellery
 p - a ring of fire (left branch)
 A - a ring of resist corrosion (right branch)
 I - a ring of ice
 N - the amulet "Siynaxarph" (around neck) {RegenMP Int+4}
   (You took it off a gnoll on level 8 of the Dungeon)

   [amulet of magic regeneration]

   It increases your rate of magic regeneration.
   Int:       It affects your intelligence (+4).
Wands
 v - a wand of flame (15)
 y - a wand of paralysis (4)
 B - a wand of polymorph (15)
 E - a wand of mindburst (9)
 L - a wand of iceblast (9)
 O - a wand of digging (6)
Scrolls
 c - 2 scrolls of blinking
 h - 3 scrolls of enchant armour {unknown}
 i - 6 scrolls of teleportation
 t - 2 scrolls of magic mapping
 w - a scroll of amnesia {unknown}
 F - a scroll of summoning {unknown}
 M - a scroll of enchant weapon {unknown}
 P - a scroll of fog {unknown}
Potions
 g - 5 potions of mutation
 j - a potion of cancellation
 q - a potion of degeneration {unknown}
 s - 2 potions of attraction
 u - 3 potions of curing
 D - 2 potions of berserk rage
 K - a potion of ambrosia {unknown}
 Q - a potion of magic {unknown}


   Skills:
 + Level 6.8 Fighting
 + Level 4.9 Short Blades
 + Level 4.9 Long Blades
 + Level 4.9 Axes
 + Level 4.9 Maces & Flails
 + Level 6.8 Polearms
 + Level 4.9 Staves
 + Level 4.9 Slings
 + Level 4.9 Bows
 + Level 4.9 Crossbows
 + Level 5.6 Throwing
 + Level 5.6 Armour
 + Level 6.8 Dodging
 + Level 4.9 Stealth
 + Level 4.9 Shields
 + Level 4.9 Unarmed Combat
 + Level 7.1 Spellcasting
 + Level 4.0 Conjurations
 + Level 4.0 Hexes
 + Level 4.0 Summonings
 + Level 4.0 Necromancy
 + Level 6.9 Translocations
 + Level 4.0 Transmutations
 + Level 4.0 Fire Magic
 + Level 4.0 Ice Magic
 + Level 4.0 Air Magic
 + Level 4.0 Earth Magic
 + Level 4.0 Poison Magic
 + Level 5.3 Invocations
 + Level 4.9 Evocations


You had 18 spell levels left.
You knew the following spells:

 Your Spells              Type           Power      Damage    Failure   Level
a - Blink                 Tloc           82%        N/A       1%          2
b - Freeze                Ice            100%       1d11      2%          1
c - Scorch                Fire           84%        2d9       3%          2

Your spell library contained the following spells:

 Spells                   Type           Power      Damage    Failure   Level
 Gell's Gravitas          Tloc           41%        N/A       2%          3
 Lesser Beckoning         Tloc           41%        N/A       2%          3
 Teleport Other           Tloc           41%        N/A       2%          3
 Frozen Ramparts          Ice            56%        1d7       7%          3
 Manifold Assault         Tloc           41%        N/A       21%         5
 Flame Wave               Conj/Fire      42%        2d9       22%         4
 Hailstorm                Conj/Ice       28%        3d8       22%         4
 Summon Cactus Giant      Summ           Unusable   N/A       N/A         6

Dungeon Overview and Level Annotations

Branches:
Dungeon (9/15)             Temple (1/1) D:7
   Lair: D:8-11         Orc: D:9-12

Altars:
Ashenzari
Cheibriados
Dithmenos
Elyvilon
Fedhas
Hepliaklqana
Kikubaaqudgha
Makhleb
Nemelex Xobeh
Okawaru
Qazlal
Ru
Trog
Uskayaw
Vehumet
Wu Jian
Xom
The Shining One

Shops:
D:6 [?[[   D:8 =


Innate Abilities, Weirdness & Mutations

You are a tree.
Your roots penetrate the ground, keeping you stationary.
You cannot be teleported.
You are immune to unholy pain and torment.
Your maximum health is greatly increased.
Your equipment is partially melded.
((You have very sharp teeth.))
Your uncanny sense of smell can sniff out nearby items.
Your experience applies equally to all skills.


Message History

You punch the acid dragon, but do no damage.
You bite the acid dragon, but do no damage.
The acid dragon is severely wounded.
The wight barely misses you. The acid dragon closely misses you.
The acid dragon barely misses you.
Unknown command.
You hit the acid dragon. Your bite misses the acid dragon.
The acid dragon is severely wounded.
The wight barely misses you.
You closely miss the acid dragon. Your punch misses the acid dragon.
The acid dragon is severely wounded.
The acid dragon barely misses you. The acid dragon claws you.
You closely miss the acid dragon.
The acid dragon is severely wounded.
The wight hits you with a +2 flail.
* * * LOW HITPOINT WARNING * * *
The acid dragon spits acid at you. The splash of acid hits you! You resist.
* * * LOW HITPOINT WARNING * * *
The gnoll hits you with a +0 club.
* * * LOW HITPOINT WARNING * * *
You hear a shout! x2
You barely miss the acid dragon.
The acid dragon is severely wounded.
The wight closely misses you.
Unknown command.
It was a potion of lignification.
You turn into a tree.
Your +0 cloak melds into your body.
Your +2 helmet melds into your body.
Your +0 pair of gloves melds into your body.
Your +0 leather armour melds into your body.
Your roots penetrate the ground.
The acid dragon bites you but does no damage.
The acid dragon claws you but does no damage.
The wight hits you but does no damage.
It was a potion of brilliance.
You feel clever all of a sudden.
The acid dragon bites you but does no damage.
The acid dragon claws you but does no damage.
The gnoll hits you but does no damage. x2; The wight hits you with a +2 flail!
You die...

## ∆ >.
######.##..
#..........
#. #g#z# .
#g♣.## .
#.D.^##
#.#.#...##
####.#.#....#
.......#....#
#####......##
..........##
...#...#.## .
#...#.#


You could see an acid dragon, a wight and 2 gnolls.

Vanquished Creatures
  Pikel (D:8)
  Prince Ribbit (D:5)
  A wyvern (D:5)
  Menkaure (D:5)
  An acid dragon (D:5)
  2 water moccasins (D:7)
  An orc warrior (D:7)
  An ice beast (D:5)
  An ogre (D:5)
  A black bear (D:8)
  A necrophage (D:7)
  A sky beast (D:5)
  A centaur (D:8)
  A bullfrog (D:7)
  3 scorpions
  12 killer bees
  4 electric eels (D:6)
  A howler monkey (D:8)
  A crimson imp (D:6)
  A hound (D:6)
  A bullfrog zombie (D:5)
  A centaur zombie (D:5)
  A jelly (D:6)
  2 orc priests (D:7)
  Ijyb (D:5)
  A gnoll shaman (D:8)
  3 orc wizards
  2 hound skeletons (D:5)
  A howler monkey zombie (D:8)
  A howler monkey skeleton (D:7)
  11 gnolls
  4 adders
  2 white imps
  An ufetubus (D:5)
  A worm (D:2)
  3 dart slugs
  14 orcs
  8 endoplasms
  4 giant cockroaches
  9 goblins
  5 hobgoblins
  6 jackals
  4 quokkas
  6 ball pythons
  9 bats
  3 frilled lizards
  11 kobolds
  23 rats
175 creatures vanquished.

Vanquished Creatures (others)
  An iguana (D:6)
1 creature vanquished.

Grand Total: 176 creatures vanquished

Notes
Turn   | Place    | Note
-------+----------+-------------------------------------------
     0 | D:1      | Ablot the Gnoll Warper began the quest for the Orb.
     0 | D:1      | Reached XP level 1. HP: 20/20 MP: 6/6
   200 | D:1      | Reached XP level 2. HP: 23/26 MP: 7/7
   203 | D:1      | Learned a level 2 spell: Blink
   553 | D:1      | Reached XP level 3. HP: 31/31 MP: 9/9
   703 | D:1      | Reached skill level 5 in Spellcasting
  1219 | D:2      | Reached skill level 1 in Invocations
  1327 | D:2      | Reached skill level 1 in Short Blades
  1327 | D:2      | Reached skill level 1 in Long Blades
  1327 | D:2      | Reached skill level 1 in Axes
  1327 | D:2      | Reached skill level 1 in Maces & Flails
  1327 | D:2      | Reached skill level 1 in Staves
  1327 | D:2      | Reached skill level 1 in Slings
  1327 | D:2      | Reached skill level 1 in Bows
  1327 | D:2      | Reached skill level 1 in Crossbows
  1327 | D:2      | Reached skill level 1 in Stealth
  1327 | D:2      | Reached skill level 1 in Shields
  1327 | D:2      | Reached skill level 1 in Unarmed Combat
  1327 | D:2      | Reached skill level 1 in Evocations
  1423 | D:2      | Reached XP level 4. HP: 38/38 MP: 11/11
  1676 | D:2      | Found a shadowy altar of Dithmenos.
  2203 | D:3      | Reached skill level 1 in Conjurations
  2203 | D:3      | Reached skill level 1 in Hexes
  2203 | D:3      | Reached skill level 1 in Summonings
  2203 | D:3      | Reached skill level 1 in Necromancy
  2203 | D:3      | Reached skill level 1 in Transmutations
  2203 | D:3      | Reached skill level 1 in Fire Magic
  2203 | D:3      | Reached skill level 1 in Ice Magic
  2203 | D:3      | Reached skill level 1 in Air Magic
  2203 | D:3      | Reached skill level 1 in Earth Magic
  2203 | D:3      | Reached skill level 1 in Poison Magic
  2447 | D:3      | Found a sacrificial altar of Ru.
  2538 | D:3      | Found a faded altar of an unknown god.
  3215 | D:4      | Reached XP level 5. HP: 43/43 MP: 12/12
  3263 | D:4      | Learned a level 1 spell: Freeze
  3305 | D:4      | Identified the +0 kite shield of Agoraphobia {Contam
                  | Rampage rPois rCorr}
  3364 | D:4      | Learned a level 2 spell: Scorch
  4035 | D:5      | Entered Level 5 of the Dungeon
  4238 | D:4      | Reached XP level 6. HP: 17/50 MP: 13/13
  4567 | D:5      | Noticed Ijyb
  4592 | D:5      | Killed Ijyb
  4806 | D:5      | Reached skill level 5 in Fighting
  4806 | D:5      | Reached skill level 5 in Polearms
  4806 | D:5      | Reached skill level 5 in Dodging
  4826 | D:5      | Reached XP level 7. HP: 48/56 MP: 15/15
  4874 | D:5      | Found an iron altar of Okawaru.
  4879 | D:5      | Became a worshipper of Warmaster Okawaru
  4920 | D:5      | Noticed Prince Ribbit
  4935 | D:5      | Killed Prince Ribbit
  5150 | D:5      | Noticed a wyvern
  5162 | D:5      | Killed a wyvern
  5162 | D:5      | Reached * piety under Okawaru
  5163 | D:5      | Reached XP level 8. HP: 63/63 MP: 16/16
  5172 | D:5      | Noticed Menkaure
  5180 | D:5      | Killed Menkaure
  5293 | D:5      | Reached skill level 6 in Spellcasting
  5817 | D:6      | Found Miph's Antique Armour Emporium.
  6146 | D:6      | Found Xudunat's Armour Boutique.
  6617 | D:6      | Found Zireor's Antique Armour Emporium.
  6875 | D:6      | Found Agaupuukk's Magic Scroll Emporium.
  6883 | D:6      | Bought a scroll of identify for 22 gold pieces
  6883 | D:6      | Bought a scroll of noise for 11 gold pieces
  6883 | D:6      | Bought a scroll of magic mapping for 38 gold pieces
  6883 | D:6      | Bought a scroll of teleportation for 33 gold pieces
  7058 | D:6      | Found a burning altar of Makhleb.
  7058 | D:6      | Found a shimmering altar of Xom.
  7437 | D:7      | Noticed a water elemental
  7455 | D:6      | Reached ** piety under Okawaru
  7823 | D:7      | HP: 3/64 [poisoned by a scorpion]
  7826 | D:6      | HP: 1/64 [poisoned by a scorpion]
  8254 | D:7      | Reached XP level 9. HP: 27/69 MP: 18/18
  8699 | D:6      | HP: 2/69 [killer bee (6)]
  9135 | D:7      | Found a stormy altar of Qazlal.
  9595 | D:7      | Found a staircase to the Ecumenical Temple.
  9655 | Temple   | Entered the Ecumenical Temple
  9835 | D:8      | Found Losah's Jewellery Emporium.
  9878 | D:7      | HP: 3/69 [water moccasin (6)]
 10198 | D:7      | Reached skill level 5 in Throwing
 10198 | D:7      | Reached skill level 5 in Armour
 10900 | D:8      | Identified the amulet "Siynaxarph" {RegenMP Int+4}
 11408 | D:8      | Reached *** piety under Okawaru
 11409 | D:8      | Reached skill level 5 in Invocations
 12039 | D:8      | Found a snail-covered altar of Cheibriados.
 12208 | D:9      | Noticed Pikel
 12255 | D:8      | Paralysed by Pikel for 7 turns
 12288 | D:8      | Killed Pikel
 12289 | D:8      | Reached skill level 7 in Spellcasting
 12289 | D:8      | Reached XP level 10. HP: 24/77 MP: 20/20
 12589 | D:9      | HP: 1/76 [gnoll/+0 club (5)]
 12592 | D:9      | Slain by a wight

Illustrated notes

Levels and vault maps discovered:
D:1:      dpeg_arrival_leaves_temple_mockup, layout_basic, minivault_14
D:2:      layout_basic, basic_altar, minmay_rat_hole
D:3:      layout_basic, nicolae_ru_the_path_less_chosen,
          ebering_ecumenical_altar_webs
D:4:      layout_gridville, eino_tiny_chamber, grunt_ministairs_14,
          hangedman_abyss_or_decor_passed, columned_hall_lemuel, chequers_avenue
D:5:      layout_basic, overflow_temple_1_default, uniq_prince_ribbit1,
          uniq_menkaure, uniq_ijyb
D:6:      wad_lake_hut, layout_basic, grunt_temple_overflow_champion_of_chaos,
          serial_shops, nicolae_shop_stone, kennysheep_mini,
          nicolae_stop_n_shop_2, shop, grunt_decor_arrowhead
D:7:      layout_gridville, nicolae_qazlal_style_of_elements,
          minmay_temple_entry_proselytizer
D:8:      layout_loops_cross, mainiacjoe_overflow_surrounded_room,
          nicolae_stop_n_shop_2
D:9:      layout_basic, kennysheep_mini_moat, nicolae_overflow_crystal_walls,
          orc_david_3, enter_bailey_5, minivault_19, wad_floor_pattern_2,
          lemuel_flamethrower_1, uniq_pikel
Temple:   nicolae_temple_no_exploring_needed

Skill      XL: |  1  2  3  4  5  6  7  8  9 |
---------------+----------------------------+-----
Spellcasting   | 5 6 7 |  7.1
Invocations    | 1 2 3 4 5 |  5.3
Short Blades   | 1 2 3 4 |  4.9
Long Blades    | 1 2 3 4 |  4.9
Axes           | 1 2 3 4 |  4.9
Maces & Flails | 1 2 3 4 |  4.9
Staves         | 1 2 3 4 |  4.9
Slings         | 1 2 3 4 |  4.9
Bows           | 1 2 3 4 |  4.9
Crossbows      | 1 2 3 4 |  4.9
Stealth        | 1 2 3 4 |  4.9
Shields        | 1 2 3 4 |  4.9
Unarmed Combat | 1 2 3 4 |  4.9
Evocations     | 1 2 3 4 |  4.9
Conjurations   | 1 2 3 4 |  4.0
Hexes          | 1 2 3 4 |  4.0
Summonings     | 1 2 3 4 |  4.0
Necromancy     | 1 2 3 4 |  4.0
Transmutations | 1 2 3 4 |  4.0
Fire Magic     | 1 2 3 4 |  4.0
Ice Magic      | 1 2 3 4 |  4.0
Air Magic      | 1 2 3 4 |  4.0
Earth Magic    | 1 2 3 4 |  4.0
Poison Magic   | 1 2 3 4 |  4.0
Throwing       | 3 4 5 |  5.6
Armour         | 3 4 5 |  5.6
Fighting       | 5 6 |  6.8
Polearms       | 5 6 |  6.8
Dodging        | 5 6 |  6.8
Translocations | 6 |  6.9

Action                   |  1- 3 |  4- 6 |  7- 9 | 10-12 || total
-------------------------+-------+-------+-------+-------++-------
Melee: Spear             |   164 |   193 |   366 |    19 ||   742
       Bite              |     6 |    15 |    43 |     2 ||    66
       Punch             |     2 |       |    10 |     1 ||    13
       Unarmed           |       |    20 |       |       ||    20
       Glaive            |       |       |    41 |       ||    41
Throw: Dart              |       |     6 |    38 |       ||    44
       Boomerang         |       |       |     9 |       ||     9
 Cast: Scorch            |       |       |    27 |       ||    27
       Blink             |       |       |     3 |       ||     3
Invok: Heroism           |       |       |     1 |       ||     1
Evoke: Wand              |       |     1 |       |       ||     1
  Use: Scroll            |       |       |     5 |       ||     5
       Potion            |       |       |     3 |     2 ||     5
 Stab: Sleeping          |     2 |     8 |     4 |       ||    14
Armor: Leather armour    |    41 |    40 |   137 |     6 ||   224
       Skin              |       |       |       |     7 ||     7
Dodge: Dodged            |    80 |    87 |   322 |    15 ||   504
